Map: Pendiente de Agustín EE

Players

Shadows

  • Race: Protoss Protoss
  • Spawn Location: 6:00

UpgradeYou

  • Race: Terran Terran
  • League: Gold
  • Spawn Location: 6:00

FPMnotepad

  • Race: Protoss Protoss
  • Spawn Location: 5:00

MrFercho

  • Race: Zerg Zerg
  • League: Silver
  • Spawn Location: 11:00

TATORREA

  • Race: Protoss Protoss
  • League: Silver
  • Spawn Location: 12:00

tigro

  • Race: Terran Terran
  • League: Bronze
  • Spawn Location: 12:00

VOD

Have the link to the VOD?

Description

Time

  • Played on: June 22, 2020, 7:15 p.m.
  • Length: 18:07
Show
View Real Time Build Order
Export as new Build Order

Shadows Protoss 

Build Orders: 1 Gate Expand, Carriers 

Get SALT Encoding   

  1  0:00  Probe  
  13  0:25  Pylon  
  13  0:32  Probe  
  14  0:45  Probe  
  14  0:46  Gateway  
  16  0:57  Probe  
  16  1:09  Probe  
  17  1:17  Nexus  
  17  1:21  Probe  
  18  1:39  Assimilator, Probe  
  18  1:41  Assimilator  
  19  1:50  Probe  
  20  2:02  Probe, Cybernetics Core  
  20  2:05  Pylon  
  21  2:11  Probe  
  22  2:19  Probe  
  22  2:29  Probe x2  
  25  2:37  Probe  
  25  2:41  Probe  
  27  2:46  Probe  
  27  2:47  Assimilator  
  27  2:50  Assimilator  
  28  2:53  Probe  
  29  2:58  Probe  
  29  3:05  Probe  
  31  3:15  Probe  
  32  3:23  Probe  
  33  3:31  Probe  
  33  3:32  Stargate  
  33  3:35  Stargate  
  33  3:38  Pylon  
  33  3:39  Probe  
  35  3:49  Probe  
  36  4:01  Probe  
  37  4:13  Probe  
  37  4:15  Void Ray x2  
  46  4:25  Probe  
  46  4:29  Fleet Beacon  
  47  4:32  Pylon x2  
  47  4:37  Probe  
  48  4:49  Probe  
  49  5:01  Probe  
  49  5:05  Nexus  
  50  5:08  Assimilator  
  50  5:10  Assimilator  
  50  5:13  Probe  
  51  5:28  Probe  
  52  5:40  Probe  
  52  5:42  Carrier x2  
  65  5:47  Stargate  
  65  5:48  Probe, Stargate  
  66  6:01  Probe  
  67  6:06  Mothership  
  67  6:11  Probe  
  76  6:19  Probe  
  77  6:27  Probe  
  77  6:31  Pylon  
  77  6:32  Pylon  
  78  6:33  Pylon x2  
  78  6:36  Pylon  
  78  6:38  Pylon x2  
  78  6:39  Probe  
  79  6:40  Carrier  
  79  6:45  Probe  
  85  6:53  Probe  
  87  7:04  Probe  
  87  7:05  Stargate  
  87  7:08  Stargate  
  88  7:16  Probe  
  89  7:28  Probe  
  90  7:38  Probe  
  90  7:40  Pylon x2  
  90  7:41  Pylon x2  
  90  7:43  Pylon x2  
  91  7:45  Pylon  
  91  7:46  Probe  
  92  7:53  Carrier x2  
  92  7:54  Probe  
  105  8:06  Probe  
  106  8:18  Probe  
  107  8:23  Nexus  
  107  8:25  Assimilator  
  107  8:26  Probe  
  107  8:28  Assimilator  
  108  8:34  Probe  
  109  8:45  Probe  
  106  8:57  Probe  
  94  9:35  Probe  
  92  9:40  Probe  
  92  9:43  Probe  
  94  9:48  Probe  
  94  9:52  Carrier x3  
  120  9:53  Carrier x3, Probe  
  120  9:58  Probe  
  133  10:05  Probe  
  135  10:10  Probe  
  136  10:17  Probe  
  137  10:22  Probe  
  138  10:56  Carrier  
  138  10:57  Carrier x2  
  126  11:20  Carrier x3  
  143  11:51  Carrier  
  143  11:52  Carrier x2  
  155  12:08  Mothership, Probe  
  163  12:14  Carrier x2  
  163  12:15  Carrier  
  164  12:17  Probe  
  165  12:26  Probe  
  184  12:38  Probe  
  185  12:55  Carrier x2  
  197  14:15  Protoss Air Weapons Level 1  
  134  15:49  Carrier x6  
  62  16:02  Probe  
  98  16:10  Probe  
  100  16:20  Probe  
  109  16:32  Probe  
  110  16:44  Probe  
  111  16:53  Carrier x5  
  111  16:54  Carrier  
  147  17:03  Nexus  
  147  17:06  Assimilator  
  147  17:10  Assimilator  
Show
View Real Time Build Order
Export as new Build Order

UpgradeYou Terran 

Build Orders: Command Center First (CC) 

Get SALT Encoding   

  12  0:01  SCV  
  13  0:16  SCV  
  14  0:28  SCV  
  15  0:46  Command Center  
  15  0:59  Supply Depot  
  15  1:21  SCV  
  15  1:24  Barracks  
  16  1:27  Refinery  
  16  1:29  Refinery  
  16  1:33  SCV  
  17  1:45  SCV  
  18  1:57  SCV  
  18  1:59  SCV  
  20  2:09  SCV  
  20  2:11  SCV  
  22  2:23  SCV  
  23  2:35  SCV  
  24  2:39  SCV  
  24  2:40  Factory  
  25  2:47  SCV  
  26  2:52  SCV  
  27  2:59  SCV  
  28  3:08  SCV  
  28  3:12  SCV  
  30  3:22  SCV  
  30  3:23  Command Center  
  30  3:24  SCV  
  32  3:27  Armory  
  32  3:29  Armory  
  32  3:34  SCV  
  32  3:36  SCV  
  34  3:46  SCV  
  34  3:48  SCV  
  36  3:53  Supply Depot  
  36  3:55  Factory Tech Lab  
  36  3:58  SCV  
  36  4:00  SCV  
  36  4:01  Factory  
  38  4:14  SCV x2  
  40  4:17  Terran Vehicle Weapons Level 1  
  40  4:18  Terran Vehicle And Ship Armor Level 1  
  40  4:25  Thor  
  46  4:34  SCV x2  
  46  4:35  SCV  
  49  4:40  Marine  
  50  4:46  SCV  
  50  4:47  SCV  
  50  4:51  Factory Tech Lab  
  52  4:58  Supply Depot, SCV  
  52  4:59  SCV  
  54  5:00  Supply Depot  
  54  5:02  Supply Depot  
  54  5:03  Supply Depot  
  54  5:04  Supply Depot  
  54  5:05  Supply Depot  
  54  5:11  SCV  
  55  5:23  SCV  
  55  5:27  Thor  
  62  5:32  Refinery  
  62  5:33  Refinery x2  
  62  5:34  Refinery, SCV  
  63  5:37  Supply Depot  
  63  5:38  Supply Depot x3  
  63  5:40  Supply Depot  
  63  5:42  Supply Depot  
  63  5:44  SCV  
  63  5:46  SCV  
  65  5:56  SCV  
  66  6:11  Orbital Command  
  66  6:12  Orbital Command x2  
  66  6:13  Thor  
  72  6:19  Thor  
  78  6:46  Terran Vehicle Weapons Level 2  
  78  6:47  Terran Vehicle And Ship Armor Level 2  
  78  6:54  Factory  
  78  6:56  Factory  
  78  6:58  Supply Depot  
  78  7:00  Supply Depot x2  
  78  7:01  Thor  
  84  7:22  Thor  
  90  7:31  SCV  
  91  7:38  Factory Tech Lab  
  91  7:40  Factory Tech Lab  
  91  7:44  Thor x4  
  91  7:47  SCV  
  91  7:48  SCV x2  
  94  7:53  Thor  
  100  7:59  SCV  
  100  8:00  SCV x2  
  103  8:12  Command Center, SCV x3  
  106  8:23  Thor  
  106  8:24  SCV x3  
  115  8:36  SCV x3  
  118  8:48  SCV x3  
  100  8:53  Thor x3  
  101  9:00  SCV x2  
  103  9:06  Thor  
  106  9:36  Thor x3  
  124  9:43  SCV  
  125  9:46  Refinery  
  125  9:49  Thor  
  131  9:55  SCV  
  131  9:56  Terran Vehicle And Ship Armor Level 3, Terran Vehicle Weapons Level 3  
  132  10:00  Refinery  
  132  10:04  Factory  
  132  10:07  SCV  
  133  10:18  Thor  
  133  10:19  SCV  
  140  10:32  Thor x2  
  152  10:40  Thor  
  158  11:01  Thor  
  164  11:14  Thor  
  164  11:16  Thor  
  176  11:23  Thor  
  182  11:44  Thor  
  188  11:57  Thor  
  188  11:59  Thor  
  194  12:05  Factory Tech Lab  
  194  12:06  Thor  
  200  12:16  Factory  
  200  12:18  Factory  
  200  13:09  Factory Tech Lab  
  200  13:10  Factory Tech Lab  
  180  14:20  Thor x2  
  180  14:21  Thor  
  176  14:38  Thor  
  176  15:02  Thor  
  176  15:21  Thor  
  179  16:06  SCV  
  180  16:19  SCV  
  180  16:24  Refinery  
  181  16:36  Refinery  
  181  16:40  Refinery  
  181  16:42  SCV x2  
  177  16:53  Thor  
  177  16:54  SCV x2  
  179  17:04  Thor  
  179  17:06  SCV  
Show
View Real Time Build Order
Export as new Build Order

FPMnotepad Protoss 

Build Orders: Carriers 

Get SALT Encoding   

  12  0:08  Probe  
  13  0:23  Probe  
  14  0:35  Probe  
  15  0:47  Pylon  
  15  0:55  Pylon  
  15  1:05  Probe  
  16  1:12  Gateway  
  16  1:20  Probe  
  16  1:21  Nexus  
  17  1:31  Assimilator  
  17  1:44  Probe  
  17  1:45  Forge  
  17  1:52  Probe  
  18  1:58  Assimilator  
  19  2:03  Cybernetics Core  
  19  2:05  Probe  
  20  2:17  Probe  
  21  2:29  Probe  
  22  2:41  Probe  
  23  2:48  Probe  
  24  2:56  Probe  
  24  3:05  Probe  
  26  3:13  Stargate  
  26  3:17  Probe  
  26  3:18  Stargate  
  27  3:23  Photon Cannon  
  27  3:26  Photon Cannon  
  27  3:28  Probe  
  27  3:29  Probe  
  29  3:40  Probe  
  30  3:52  Probe  
  31  3:59  Stargate  
  31  4:02  Pylon x2  
  31  4:04  Probe  
  32  4:16  Probe  
  33  4:24  Phoenix x2  
  33  4:28  Probe  
  38  4:37  Assimilator  
  38  4:40  Probe  
  38  4:41  Assimilator  
  39  4:47  Probe  
  39  4:50  Void Ray  
  39  4:52  Probe  
  45  4:59  Probe  
  46  5:04  Probe  
  47  5:11  Probe  
  48  5:16  Probe  
  49  5:23  Probe  
  49  5:25  Cybernetics Core  
  50  5:31  Protoss Air Weapons Level 1  
  50  5:40  Fleet Beacon  
  50  5:45  Probe  
  50  5:48  Probe  
  52  5:57  Phoenix x2, Probe  
  54  6:00  Probe  
  58  6:13  Probe  
  59  6:25  Probe  
  60  6:36  Unknown  
  60  6:37  Probe  
  61  6:53  Pylon x2  
  61  6:54  Pylon  
  61  6:56  Pylon  
  61  7:02  Nexus  
  61  7:06  Assimilator  
  61  7:09  Assimilator  
  61  7:12  Pylon  
  61  7:13  Protoss Shields Level 1  
  61  7:20  Stargate x2  
  61  7:23  Stargate  
  61  7:26  Protoss Air Armor Level 1  
  61  7:29  Robotics Facility  
  61  7:32  Probe  
  62  7:39  Void Ray  
  62  7:44  Probe  
  67  7:56  Probe  
  68  8:08  Probe  
  68  8:11  Protoss Air Weapons Level 2  
  69  8:20  Probe  
  69  8:27  Carrier  
  76  8:32  Probe  
  77  8:40  Void Ray  
  81  8:44  Probe  
  82  8:57  Void Ray  
  86  9:04  Void Ray  
  86  9:05  Void Ray  
  94  9:30  Pylon  
  94  9:35  Pylon  
  94  9:42  Pylon  
  94  9:48  Pylon  
  94  9:49  Carrier  
  94  9:50  Carrier x2  
  112  9:53  Pylon  
  112  9:58  Pylon  
  111  10:07  Carrier  
  111  10:14  Tempest  
  122  10:32  Carrier  
  128  11:02  Pylon x2  
  128  11:04  Pylon  
  128  11:07  Pylon x2  
  128  11:09  Pylon  
  128  11:15  Protoss Air Armor Level 2  
  128  11:17  Twilight Council  
  119  11:18  Protoss Air Weapons Level 3  
  58  11:46  Probe  
  50  11:58  Probe  
  50  12:10  Probe  
  51  12:16  Void Ray x5  
  51  12:17  Void Ray  
  51  12:20  Observer  
  51  12:22  Probe  
  77  12:29  Stargate  
  77  12:34  Probe  
  78  12:41  Protoss Shields Level 2, Observer  
  79  12:49  Nexus  
  79  12:53  Assimilator  
  79  12:55  Assimilator  
  79  13:00  Pylon  
  79  13:06  Pylon  
  79  13:12  Pylon, Carrier x2  
  91  13:19  Void Ray  
  94  13:43  Probe  
  95  13:55  Probe  
  96  14:06  Carrier x2  
  96  14:07  Carrier, Probe  
  96  14:09  Void Ray  
  119  14:19  Probe  
  120  14:31  Probe  
  120  14:35  Void Ray  
  120  14:38  Void Ray  
  129  14:40  Protoss Air Armor Level 3  
  129  15:36  Carrier x5  
Show
View Real Time Build Order
Export as new Build Order

MrFercho Zerg 

Build Orders: Hatch First 

Get SALT Encoding   

  12  0:01  Drone  
  13  0:27  Overlord  
  13  1:01  Drone x3  
  13  1:03  Hatchery  
  15  1:14  Spawning Pool  
  15  1:16  Drone  
  15  1:22  Drone  
  16  1:33  Drone  
  17  1:44  Drone  
  18  1:49  Extractor  
  17  1:54  Drone  
  18  2:01  Queen  
  18  2:05  Drone  
  21  2:15  Drone  
  22  2:23  Queen, Drone  
  22  2:25  Drone  
  22  2:27  Drone  
  27  2:36  Overlord  
  27  2:53  Lair  
  27  2:55  Drone x3  
  27  2:57  Drone  
  31  3:01  Drone  
  32  3:15  Drone x4  
  32  3:16  Overlord  
  36  3:26  Extractor  
  35  3:28  Extractor  
  35  3:29  Drone x2  
  36  3:40  Drone x5  
  41  3:45  Pneumatized Carapace  
  41  3:47  Drone  
  42  3:55  Drone  
  42  3:56  Drone  
  44  4:15  Drone, Spire  
  44  4:16  Overlord x4  
  44  4:24  Hatchery  
  44  4:25  Drone  
  44  4:26  Extractor, Drone  
  44  4:34  Drone  
  45  4:46  Drone  
  45  4:47  Drone x4  
  50  4:58  Drone x2  
  50  4:59  Drone  
  53  5:04  Hatchery  
  53  5:06  Drone  
  53  5:08  Drone x2  
  53  5:09  Extractor  
  53  5:12  Extractor  
  53  5:14  Overlord x3  
  53  5:23  Drone x3  
  56  5:30  Mutalisk x2  
  60  5:48  Hatchery  
  59  5:54  Drone x6  
  65  6:12  Drone x7  
  65  6:16  Mutalisk x2  
  65  6:17  Mutalisk x6  
  88  6:21  Mutalisk  
  90  6:34  Zerg Flyer Weapons Level 1  
  90  6:35  Spire  
  89  6:42  Infestation Pit  
  89  6:43  Mutalisk  
  90  6:47  Drone x4  
  90  6:48  Drone x5  
  99  6:57  Drone  
  99  6:58  Drone x3  
  103  7:04  Hatchery  
  103  7:08  Extractor  
  101  7:10  Extractor  
  100  7:28  Drone  
  100  7:29  Drone x2  
  103  7:39  Hive  
  103  7:44  Drone x3  
  103  7:45  Drone x3  
  103  7:46  Drone  
  103  7:48  Overlord x2  
  103  7:49  Overlord x10  
  110  8:06  Mutalisk  
  110  8:10  Mutalisk x5  
  110  8:11  Mutalisk x4  
  118  8:52  Corruptor x4  
  118  8:53  Corruptor x6  
  128  9:12  Corruptor x4  
  116  9:48  Greater Spire  
  116  9:49  Zerg Flyer Armor Level 1  
  116  9:55  Spire  
  116  9:59  Hydralisk Den  
  114  10:02  Spore Crawler  
  113  10:12  Corruptor x7  
  127  10:25  Metabolic Boost  
  127  10:32  Evolution Chamber  
  126  10:38  Mutalisk x3  
  132  11:12  Mutalisk x7  
  132  11:17  Zergling x22  
  155  11:28  Zerg Melee Weapons Level 1, Hatchery  
  155  11:30  Hatchery  
  145  11:33  Evolution Chamber  
  145  11:36  Hatchery  
  135  11:44  Adrenal Glands  
  109  11:54  Hydralisk  
  109  11:55  Hydralisk x17  
  145  12:25  Baneling Nest  
  144  12:33  Hydralisk  
  144  12:34  Hydralisk x15  
  176  12:44  Extractor, Hatchery  
  176  12:50  Extractor  
  173  12:52  Zergling x20  
  173  12:53  Zergling x2  
  184  13:02  Corruptor x6  
  196  13:46  Mutalisk  
  196  13:47  Mutalisk  
  193  14:38  Corruptor  
  193  14:39  Corruptor x2  
  176  15:08  Corruptor x7  
  176  15:09  Corruptor x7  
  176  15:10  Corruptor  
  119  16:01  Hydralisk x8  
  119  16:02  Hydralisk x15  
  133  16:25  Hydralisk x12  
  96  16:37  Hydralisk x5  
  96  16:38  Hydralisk  
  46  17:02  Hydralisk x6  
Show
View Real Time Build Order
Export as new Build Order

TATORREA Protoss 

Build Orders:  

Get SALT Encoding   

  12  0:29  Probe  
  13  0:41  Probe  
  14  0:53  Probe  
  14  0:56  Pylon  
  15  1:07  Assimilator  
  15  1:14  Probe  
  15  1:18  Gateway  
  16  1:26  Probe  
  16  1:29  Nexus  
  16  1:32  Pylon  
  17  1:38  Probe  
  18  1:50  Probe  
  19  1:59  Probe  
  19  2:02  Assimilator  
  19  2:07  Probe  
  21  2:17  Probe  
  22  2:25  Pylon  
  22  2:29  Probe  
  23  2:33  Cybernetics Core  
  23  2:41  Probe  
  23  2:42  Probe  
  25  2:53  Probe  
  25  2:54  Probe  
  27  3:05  Probe  
  28  3:06  Gateway, Probe  
  28  3:07  Gateway  
  28  3:09  Gateway  
  29  3:17  Probe  
  29  3:18  Probe  
  29  3:19  Warp Gate  
  31  3:24  Stalker  
  33  3:29  Probe  
  33  3:30  Probe  
  35  3:40  Pylon  
  35  3:41  Probe  
  35  3:44  Probe  
  37  3:53  Stalker, Probe  
  40  3:56  Probe  
  41  4:04  Nexus  
  41  4:11  Pylon  
  41  4:14  Pylon, Probe  
  41  4:15  Probe  
  43  4:26  Probe  
  43  4:27  Probe  
  43  4:28  Assimilator  
  43  4:30  Assimilator  
  45  4:38  Probe  
  46  4:39  Probe  
  46  4:40  Robotics Facility  
  47  4:50  Probe  
  47  4:51  Probe  
  49  5:02  Probe  
  49  5:03  Probe  
  51  5:14  Probe  
  51  5:15  Forge, Probe  
  51  5:18  Forge  
  51  5:20  Forge  
  53  5:22  Twilight Council  
  53  5:25  Pylon  
  53  5:31  Pylon  
  53  5:34  Pylon, Probe x3  
  53  5:35  Immortal  
  56  5:38  Pylon  
  56  5:39  Protoss Ground Weapons Level 1  
  56  5:40  Protoss Ground Armor Level 1  
  56  5:43  Protoss Shields Level 1  
  56  5:46  Probe x3  
  63  5:53  Pylon  
  63  5:56  Pylon  
  63  6:01  Blink  
  63  6:08  Templar Archives  
  63  6:12  Probe x3, Observer  
  63  6:18  Assimilator  
  67  6:22  Assimilator  
  67  6:24  Probe x3  
  70  6:27  Stalker x2  
  70  6:28  Stalker  
  70  6:31  Stalker  
  78  6:36  Probe x3  
  78  6:38  Immortal  
  85  6:46  Robotics Bay  
  85  6:48  Probe x3  
  88  6:56  Nexus  
  88  7:13  Probe x3  
  91  7:23  Pylon  
  91  7:25  Probe x3  
  91  7:26  Pylon  
  91  7:29  Pylon  
  94  7:32  Pylon  
  94  7:35  Pylon  
  94  7:37  Probe x2  
  94  7:38  Pylon, Probe  
  94  7:42  Pylon  
  97  7:56  Gateway  
  97  7:57  Gateway  
  97  7:58  Robotics Facility  
  97  7:59  Gateway  
  97  8:01  Stalker  
  97  8:02  Stalker  
  97  8:05  Stalker  
  103  8:09  Protoss Ground Armor Level 2, Protoss Ground Weapons Level 2  
  103  8:10  Gateway x2, Stalker  
  103  8:12  Protoss Shields Level 2  
  105  8:13  Gateway x2  
  105  8:15  Probe x3  
  105  8:16  Probe  
  105  8:17  Gateway  
  105  8:19  Gateway  
  109  8:31  Extended Thermal Lance  
  109  8:34  Colossus  
  91  9:15  Stalker  
  89  9:17  Stalker x2  
  89  9:18  Stalker x5  
  89  9:19  Stalker x2  
  89  9:20  Stalker x3  
  89  9:22  Colossus  
  119  9:30  Colossus  
  125  9:37  Assimilator  
  125  9:41  Assimilator  
  125  9:46  Stalker x4  
  125  9:47  Stalker x5  
  125  9:48  Stalker  
  125  9:51  High Templar x2, Nexus  
  149  9:54  Pylon  
  149  9:57  Pylon  
  149  9:59  Archon  
  149  10:17  Stalker x4  
  149  10:18  Stalker x3  
  149  10:19  Stalker x4  
  110  11:42  Stalker  
  110  11:45  Stalker x5  
  110  11:46  Stalker x5  
  110  11:47  Stalker  
  114  11:48  Stalker  
  116  12:03  Protoss Shields Level 3, Protoss Ground Weapons Level 3, Protoss Ground Armor Level 3  
  112  12:14  Stalker x3  
  112  12:15  Stalker x5  
  124  12:16  Stalker x5  
  138  12:23  Colossus  
  144  12:48  Gateway, Assimilator  
  144  12:50  Gateway, Assimilator  
  144  12:56  Gateway  
  144  12:58  Gateway  
  144  12:59  Gateway  
  144  13:00  Pylon  
  144  13:01  Pylon  
  144  13:05  Pylon  
  144  13:08  Stalker x5  
  144  13:09  Stalker  
  144  13:10  Stalker  
  144  13:11  Stalker x3  
  144  13:12  Stalker x3  
  170  13:21  Gateway  
  170  13:24  Gateway  
  170  13:25  Gateway  
  170  13:28  Gateway x2  
  77  14:03  Cybernetics Core  
  77  14:06  Gateway  
  77  14:08  Gateway  
  68  14:10  Gateway  
  68  14:12  Gateway  
  68  14:14  Gateway  
  68  14:16  Gateway  
  68  14:18  Gateway  
  68  14:21  Gateway  
  68  14:27  Gateway  
  68  14:29  Gateway  
  68  14:32  Gateway  
  68  14:34  Gateway  
  68  14:35  Gateway  
  68  14:36  Gateway x2  
  68  14:38  Gateway  
  68  14:39  Gateway x2  
  68  14:40  Gateway  
  68  14:41  Gateway  
  68  14:51  Stalker  
  68  14:52  Stalker x5  
  77  14:53  Stalker x3  
  77  14:54  Stalker x2  
  76  15:05  Stalker  
  76  15:06  Stalker  
  78  15:08  Stalker  
  78  15:09  Stalker  
  78  15:16  Stalker x3  
  78  15:17  Stalker  
  78  15:18  Stalker x3  
  78  15:19  Stalker x3  
  78  15:20  Stalker x4  
  78  15:21  Stalker  
  94  15:22  Stalker  
  84  15:33  Stalker x3  
  84  15:34  Stalker  
  58  15:54  Stalker x2  
  58  15:55  Stalker x2  
  62  16:04  Pylon  
  62  16:07  Pylon  
  62  16:18  Stalker  
  62  16:32  Stalker  
  62  16:33  Stalker x2  
  62  16:34  Stalker x3  
  62  16:35  Stalker x4  
  62  16:36  Stalker  
Show
View Real Time Build Order
Export as new Build Order

tigro Terran 

Build Orders:  

Get SALT Encoding   

  12  0:03  SCV  
  13  0:15  SCV  
  14  0:26  Supply Depot  
  14  0:27  SCV  
  15  0:33  Refinery  
  15  0:48  SCV  
  16  0:54  Barracks  
  16  1:00  SCV  
  16  1:02  Refinery  
  17  1:12  SCV  
  18  1:24  SCV  
  19  1:28  Supply Depot  
  19  1:36  SCV  
  20  1:46  Marine  
  21  1:54  Barracks  
  21  2:02  SCV  
  21  2:04  Marine  
  21  2:06  Engineering Bay  
  23  2:14  SCV  
  24  2:22  Marine  
  25  2:26  SCV  
  26  2:38  SCV  
  26  2:40  Marine  
  26  2:43  Barracks Tech Lab, Factory  
  28  2:51  Orbital Command  
  28  2:53  Terran Infantry Weapons Level 1  
  28  2:58  Marine  
  29  3:22  Barracks Reactor  
  29  3:27  Combat Shield  
  29  3:28  Command Center  
  29  3:44  Refinery  
  29  3:51  Factory Tech Lab  
  29  4:25  Starport  
  29  4:40  Siege Tank  
  29  4:42  Refinery  
  29  4:43  Marine x3  
  35  4:46  Stimpack  
  35  4:48  Terran Infantry Armor Level 1  
  35  4:50  SCV  
  36  5:00  Marine  
  36  5:01  Marine x2  
  36  5:02  Medivac, SCV  
  42  5:14  SCV  
  42  5:18  Marine x3  
  46  5:26  SCV  
  47  5:36  Marine x2  
  47  5:38  SCV  
  50  5:45  Missile Turret  
  50  5:50  SCV  
  51  6:03  SCV  
  52  6:15  SCV  
  52  6:17  Missile Turret  
  53  6:26  Concussive Shells  
  53  6:27  SCV  
  53  6:30  Starport Tech Lab  
  54  6:35  Command Center  
  54  6:39  SCV  
  55  6:42  Missile Turret, Neosteel Armor  
  55  6:57  Siege Tank  
  58  7:18  Fusion Core  
  58  7:26  SCV  
  59  7:38  SCV  
  60  7:50  SCV  
  61  8:02  SCV  
  62  8:06  Weapon Refit  
  62  8:07  Armory  
  62  8:14  Marine, SCV  
  62  8:15  Marine x2  
  66  8:22  Hi-Sec Auto Tracking  
  66  8:32  Marine  
  66  8:33  Marine x2  
  58  8:50  Marine x3  
  60  8:58  Supply Depot  
  60  9:08  Marine x3  
  63  9:20  Supply Depot  
  57  9:26  Marine  
  50  9:44  Supply Depot  
  49  9:46  Rapid Reignition System  
  49  9:50  Medivac  
  51  9:55  Marine x3  
  54  10:08  SCV, Refinery  
  54  10:12  Marine  
  54  10:13  Marine x2  
  58  10:17  Terran Infantry Weapons Level 2  
  58  10:19  Starport  
  58  10:20  Medivac, SCV  
  61  10:30  Marine  
  61  10:31  Marine x2  
  61  10:33  SCV  
  65  10:42  Advanced Ballistics  
  65  10:45  SCV  
  65  10:48  Marine x3  
  65  10:49  Thor  
  75  10:50  Battlecruiser  
  81  10:57  SCV  
  82  11:06  Marine  
  83  11:16  Starport Tech Lab  
  83  11:27  Marine x3  
  83  11:31  Thor  
  92  11:45  Marine x3  
  95  11:54  Battlecruiser  
  82  12:02  Marine  
  82  12:03  Marine x2  
  80  12:20  Marine  
  80  12:21  Marine x2  
  80  12:22  Thor  
  89  12:33  SCV  
  89  12:36  Terran Infantry Armor Level 2  
  90  12:38  Marine  
  90  12:40  Terran Vehicle Weapons Level 1  
  90  12:41  Refinery  
  91  12:45  SCV  
  92  12:56  Battlecruiser  
  92  12:57  SCV  
  99  13:06  Battlecruiser  
  99  13:08  Thor  
  99  13:10  SCV  
  100  13:22  SCV  
  76  13:35  Marine  
  76  13:36  Marine x2  
  76  13:39  Planetary Fortress  
  73  13:51  Thor  
  73  13:53  Marine x2, Refinery  
  73  13:54  Marine  
  82  14:01  Battlecruiser  
  88  14:11  Marine x3  
  76  14:29  Marine x3  
  67  14:34  Terran Vehicle And Ship Armor Level 1  
  65  14:47  Marine  
  65  14:52  Terran Infantry Weapons Level 3  
  55  15:05  Marine  
  55  15:09  Battlecruiser  
  61  15:17  Refinery  
  61  15:23  Marine  
  55  15:40  Marine  
  55  15:58  Marine  
  56  16:07  Missile Turret  
  56  16:14  Battlecruiser  
  62  16:28  Barracks  
  62  16:40  Missile Turret  
  60  16:59  Battlecruiser  
  60  17:00  Missile Turret  
  60  17:06  Marine  
  60  17:22  Missile Turret  
  66  17:23  Marine  
  67  17:38  Factory  
  67  17:41  Marine  
Tags
 
Add a new tag
Caveats
  • Supply blocks, unpowered buildings, or Contaminate may cause inaccurate times.
  • Supply counts are checked every 10 seconds.